 Dungeon Crawl Stone Soup version 0.15-a0-271-g6095dc6 (webtiles) character file.

165790 Amnesiac the Destroyer (level 17, -9/100 HPs)
             Began as a Deep Elf Wizard on Apr 27, 2014.
             Was a High Priest of Vehumet.
             Mangled by a shock serpent (13 damage)
             ... on Level 3 of the Snake Pit on Apr 28, 2014.
             The game lasted 04:24:37 (38180 turns).

Amnesiac the Destroyer (Deep Elf Wizard)           Turns: 38180, Time: 04:24:37

HP  -9/100       AC 17     Str  4      XL: 17   Next: 22%
MP   8/41        EV 17     Int 31      God: Vehumet [*****.]
Gold 3202        SH 12     Dex 13      Spells: 10 memorised, 16 levels left

rFire  + + .     SeeInvis +     B - chunk of shock serpent flesh
rCold  . . .     Clarity  .     N - +2 robe {rF+}
rNeg   . . .     Conserve .     p - +1 buckler {AC+3}
rPois  +         rCorr    .     n - +2 hat {SInv}
rElec  .         rRot     .     E - +1 cloak {rPois}
SustAb . .       Spirit   .     H - +2 pair of gloves
rMut   .         Warding  .     c - +2 pair of boots {Stlth+}
Saprov . . .     Stasis   .     (no amulet)
MR     +....                    K - ring of protection from cold
                                F - ring of fire

@: repel missiles, studying Translocations, somewhat resistant to hostile
enchantments, quite stealthy
A: no striking features
a: Renounce Religion


You were on level 3 of the Snake Pit.
You worshipped Vehumet.
Vehumet was extremely pleased with you.
You were hungry.

You visited 6 branches of the dungeon, and saw 29 of its levels.
You also visited: Wizlab.

You collected 3397 gold pieces.
You spent 195 gold pieces at shops.

Inventory:

Hand weapons
 q - a +7,+7 dagger of pain
 J - a +6 blowgun
Missiles
 k - 45 poisoned needles
 l - a throwing net (quivered)
 m - 4 curare-tipped needles
Armour
 c - a +2 pair of boots of stealth (worn)
 f - a +0 cloak of preservation
 n - a +2 hat of see invisible (worn)
 p - a +1 buckler of protection (worn)
 E - a +1 cloak of poison resistance (worn)
 H - a +2 pair of gloves (worn)
 N - a +2 robe of fire resistance (worn)
Magical devices
 u - a wand of hasting (1)
 y - a wand of disintegration (14)
 C - a wand of invisibility (2)
Comestibles
 a - 2 meat rations
 v - 2 pears
 B - a chunk of shock serpent flesh (in hand)
Scrolls
 h - a scroll of remove curse
 i - a scroll of vulnerability
 j - 3 scrolls of identify
 r - a scroll of recharging
 G - a scroll of blinking
Jewellery
 x - an uncursed ring of teleportation
 F - a ring of fire (left hand)
 K - a ring of protection from cold (right hand)
Potions
 b - 2 potions of brilliance
 d - a potion of mutation
 o - 2 potions of haste
 s - 2 potions of heal wounds
 z - 7 potions of curing
 A - 3 potions of restore abilities
Books
 D - a manual of Translocations
Magical staves
 e - an uncursed staff of conjuration
 w - an uncursed staff of fire


   Skills:
 - Level 9.3 Fighting
 - Level 4.0 Staves
 - Level 10.0 Dodging
 - Level 2.4 Stealth
 - Level 5.4 Shields
 - Level 17.0 Spellcasting
 - Level 17.1 Conjurations
 - Level 5.1 Summonings
 - Level 11.0 Necromancy
 - Level 1.1 Translocations
 - Level 12.1 Fire Magic
 - Level 8.0 Earth Magic
 + Level 9.0 Evocations


You had 16 spell levels left.
You knew the following spells:

 Your Spells              Type           Power        Failure   Level  Hunger
a - Repel Missiles        Chrm/Air       ####..       2%          2    None
b - Blink                 Tloc           N/A          1%          2    None
c - Magic Dart            Conj           ####         0%          1    None
d - Fireball              Conj/Fire      ########..   1%          5    None
e - Spellforged Servitor  Conj/Summ      #######...   4%          7    ####...
f - Bolt of Fire          Conj/Fire      ########..   1%          6    ##.....
g - Sublimation of Blood  Necr           #######...   1%          2    None
h - Corpse Rot            Necr           N/A          1%          2    None
i - Apportation           Tloc           ####......   1%          1    None
z - Iron Shot             Conj/Erth      #######...   1%          6    ##.....


Dungeon Overview and Level Annotations

Branches:
Dungeon (10/15)            Temple (1/1) D:5             Orc (4/4) D:10
    Elf (3/3) Orc:4          Lair (8/8) D:9          Shoals (0/5) Lair:3
  Snake (3/5) Lair:5        Slime (0/6) Lair:7

Altars:
Ashenzari
Cheibriados
Dithmenos
Fedhas
Kikubaaqudgha
Makhleb
Vehumet
Xom
Yredelemnul
Zin
The Shining One
Beogh

Shops:
Orc:2 [(   Orc:4 [(*:   Elf:2 [   Elf:3 =}((

Portals:
Hell: Lair:8

Annotations:
Elf:2 Nikola


Message History

The shock serpent shoots out a bolt of electricity!
The bolt of electricity misses you.
The shock serpent shoots out a bolt of electricity!
The bolt of electricity hits you!
* * * LOW HITPOINT WARNING * * *
Drink which item? (? for menu, Esc to quit)
You feel better.
The shock serpent completely misses you.
Drink which item? (? for menu, Esc to quit)
You feel better. The shock serpent bites you. The shock serpent shocks you!
* * * LOW HITPOINT WARNING * * *
You block the shock serpent's attack.
Casting: Bolt of Fire
Confirm with . or Enter, or press ? or * to list all spells.
The chunk of flesh you are holding crumbles to dust.
A flood of magical energy pours into your mind!
The shock serpent bites you!
* * * LOW HITPOINT WARNING * * *
The shock serpent shocks you!
You die...

######## #......# #......#
########## #......#
#........# #)..@..#
#........# #
#..).S.###.%......# #
#[.....##.........# #
#.)..####.####..(.# # #
#..).# #.# #....# #
#.##.##.%..#########....###
....%)......##.#.#.##.......
...#)##....%%#.<.#......###
.. ###..####.####.....# ..[
#.## ### #.###.##


You could see a shock serpent.

Vanquished Creatures
  Mara (Elf:2)
  2 deep elf blademasters (Elf:3)
  A tentacled starspawn (WizLab)
  4 deep elf master archers (Elf:3)
  The ghost of sohrabkorkchi the Peltast, a mighty LOFi of Trog (Elf:3)
  Frances (Snake:1)
  Roxanne (Snake:1)
  8 deep elf sorcerers
  Louise (Snake:1)
  Gastronok (Lair:2)
  5 deep elf demonologists (Elf:3)
  5 deep elf annihilators (Elf:3)
  2 dire elephants (Lair:8)
  Snorg (Orc:3)
  3 deep elf death magi (Elf:3)
  4 deep elf high priests (Elf:3)
  8 hydras
  Fannar (D:10)
  3 naga warriors
  Erica (Orc:2)
  3 anacondas
  5 death yaks
  4 naga sharpshooters
  Urug (D:10)
  A shock serpent (Snake:2)
  2 soul eaters
  3 orc high priests
  A salamander mystic (Snake:2)
  A catoblepas (Lair:8)
  5 deep elf knights
  An ice devil (Elf:3)
  An unseen horror (D:8)
  A sea snake (Snake:2)
  8 deep elf summoners
  3 naga ritualists
  A large abomination (WizLab)
  A wizard (Lair:8)
  A lindwurm (Lair:8)
  2 griffons
  16 deep elf conjurers
  6 mana vipers
  3 orc sorcerers (Orc:4)
  An oklob plant (Lair:8)
  6 orc knights
  A sixfirhy (Lair:8)
  16 elephants
  A salamander (Snake:1)
  A gargoyle (D:9)
  5 orange demons (Lair:8)
  11 spiny frogs
  13 black mambas
  Psyche (D:7)
  A feature mimic (Elf:1)
  2 guardian serpents
  4 naga magi
  A demonic crawler (WizLab)
  2 hellwings
  A red devil (Lair:8)
  A troll (Orc:2)
  2 smoke demons
  6 komodo dragons
  A queen bee (Lair:6)
  3 fire drakes
  8 deep elf priests
  2 freezing wraiths (WizLab)
  4 wandering mushrooms (D:8)
  A giant firefly (shapeshifter) (Elf:3)
  4 blue devils (Lair:8)
  Sonja (Orc:4)
  A raiju (WizLab)
  Prince Ribbit (Lair:1)
  2 ravens (Lair:8)
  24 blink frogs
  A baby alligator (shapeshifter) (Elf:1)
  A boulder beetle (Lair:8)
  An ugly thing (WizLab)
  32 yaks
  2 elephant slugs
  2 wyverns
  6 humans (D:7)
  A water elemental (WizLab)
  A shark (Lair:7)
  25 deep elf magi
  A hungry ghost (D:9)
  23 deep elf fighters
  9 hippogriffs
  A spatial vortex (WizLab)
  A hill giant skeleton (D:9)
  Edmund (D:5)
  22 nagas
  4 wargs
  20 water moccasins
  2 small abominations
  9 porcupines
  29 orc warriors
  3 sky beasts
  6 ice beasts
  A black bear (D:8)
  A phantom (D:5)
  2 boring beetles
  8 ogres
  10 centaurs
  6 crocodiles
  Duvessa (D:7)
  16 giant slugs
  10 giant frogs
  Blork the orc (D:7)
  A hippogriff zombie (D:8)
  A human skeleton (WizLab)
  2 oklob saplings (D:8)
  3 scorpions
  A troll zombie (D:9)
  20 killer bees
  An electric eel (Snake:2)
  4 wights (D:9)
  9 crimson imps
  A centaur zombie (D:3)
  Dowan (D:7)
  A goliath beetle (D:10)
  2 quasits
  14 hounds
  3 jellies
  Crazy Yiuf (D:3)
  14 orc priests
  3 centaur skeletons
  Natasha (thrice) (D:6)
  A black bear skeleton (D:10)
  4 iguanas
  An orange rat (Elf:2)
  2 worker ants (D:4)
  37 orc wizards
  A big kobold zombie (D:7)
  An ogre zombie (D:6)
  Jessica (D:3)
  27 sheep
  A hound skeleton (D:6)
  Terence (D:3)
  A worker ant zombie (D:6)
  A mummy (D:9)
  19 adders
  A scorpion zombie (D:9)
  5 giant mites
  37 green rats
  An inept feature mimic (D:4)
  5 worms
  An adder zombie (D:8)
  An iguana zombie (D:9)
  An adder skeleton (D:8)
  2 giant eyeballs
  10 giant geckos
  6 oozes
  158 orcs
  4 ball pythons
  27 bats
  A bat skeleton (D:5)
  9 giant cockroaches
  25 hobgoblins
  17 jackals
  14 quokkas
  3 giant newts
  A giant spore (D:9)
  10 goblins
  A hobgoblin zombie (D:5)
  18 kobolds
  An orc zombie (D:7)
  21 rats
  A rat skeleton (D:5)
  5 fungi
  6 plants
1086 creatures vanquished.

Vanquished Creatures (collateral kills)
  Saint Roka (Orc:4)
  A ravenous item mimic (WizLab)
  A deep elf knight (Elf:2)
  A komodo dragon (Lair:8)
  2 deep elf priests
  A deep elf mage (Elf:2)
  6 deep elf fighters
  A warg (Orc:2)
  2 orc warriors (Orc:4)
  An ogre (Orc:2)
  3 orc wizards (Orc:4)
  An orc (Orc:4)
21 creatures vanquished.

Vanquished Creatures (others)
  6 spellforged servitors
  A hound (Lair:7)
  A bush (Lair:8)
  813 eldritch tentacle segments (WizLab)
  22 fungi
  10 plants (Lair:8)
  2 starspawn tentacles (WizLab)
855 creatures vanquished.

Grand Total: 1962 creatures vanquished

Notes
Turn   | Place    | Note
--------------------------------------------------------------
     0 | D:1      | Amnesiac, the Deep Elf Wizard, began the quest for the Orb.
     0 | D:1      | Reached XP level 1. HP: 10/10 MP: 6/6
   183 | D:1      | Reached XP level 2. HP: 13/15 MP: 3/9
   187 | D:1      | Learned a level 2 spell: Blink
   190 | D:1      | Learned a level 2 spell: Repel Missiles
   741 | D:3      | Reached XP level 3. HP: 19/19 MP: 6/12
   746 | D:3      | Learned a level 3 spell: Conjure Flame
   750 | D:3      | Learned a level 3 spell: Mephitic Cloud
   863 | D:3      | Reached XP level 4. HP: 24/24 MP: 7/15
  1191 | D:4      | Noticed a scorpion
  1199 | D:4      | Killed a scorpion
  1199 | D:4      | Reached skill level 5 in Spellcasting
  1199 | D:4      | Reached skill level 5 in Conjurations
  1199 | D:4      | Reached XP level 5. HP: 28/28 MP: 11/19
  1629 | D:3      | Noticed Terence
  1636 | D:3      | Killed Terence
  1893 | D:4      | Reached skill level 6 in Conjurations
  1893 | D:4      | Reached XP level 6. HP: 32/32 MP: 20/21
  2370 | D:5      | Entered Level 5 of the Dungeon
  2394 | D:5      | Paralysed by a giant eyeball for 4 turns
  2605 | D:5      | Found a snail-covered altar of Cheibriados.
  2821 | D:5      | Noticed Edmund
  2846 | D:5      | Killed Edmund
  2846 | D:5      | Reached skill level 7 in Conjurations
  2846 | D:5      | Reached XP level 7. HP: 36/36 MP: 24/24
  2889 | D:5      | Found a staircase to the Ecumenical Temple.
  2897 | Temple   | Entered the Ecumenical Temple
  2915 | Temple   | Became a worshipper of Vehumet
  3133 | D:1      | Found a shattered altar of Ashenzari.
  4169 | D:2      | Acquired Vehumet's first power
  4169 | D:2      | Offered knowledge of Freeze by Vehumet.
  4718 | D:3      | Noticed Jessica
  4721 | D:3      | Killed Jessica
  4721 | D:3      | Reached skill level 1 in Fire Magic
  5168 | D:3      | Noticed Crazy Yiuf
  5187 | D:3      | Killed Crazy Yiuf
  5644 | D:5      | Reached skill level 8 in Conjurations
  5763 | D:6      | Noticed Natasha
  5769 | D:6      | Killed Natasha
  5827 | D:6      | Reached XP level 8. HP: 41/41 MP: 27/27
  5896 | D:6      | Noticed Natasha
  5897 | D:6      | Killed Natasha
  5910 | D:6      | Found a blossoming altar of Fedhas.
  6034 | D:6      | Reached skill level 9 in Conjurations
  6082 | D:6      | Offered knowledge of Throw Frost by Vehumet.
  6283 | D:6      | Found a basalt altar of Yredelemnul.
  6394 | D:6      | Reached skill level 10 in Conjurations
  6467 | D:6      | Noticed Natasha
  6470 | D:6      | Killed Natasha
  7106 | D:7      | Noticed Dowan
  7108 | D:7      | Noticed Duvessa
  7131 | D:7      | Killed Dowan
  7255 | D:7      | Offered knowledge of Throw Flame by Vehumet.
  7259 | D:7      | Learned a level 2 spell: Throw Flame
  7304 | D:7      | Killed Duvessa
  7304 | D:7      | Reached skill level 5 in Fire Magic
  7411 | D:7      | Reached XP level 9. HP: 45/45 MP: 24/28
  7608 | D:7      | Acquired Vehumet's second power
  7885 | D:7      | Offered knowledge of Stone Arrow by Vehumet.
  7890 | D:7      | Learned a level 3 spell: Stone Arrow
  8086 | D:7      | Noticed Psyche
  8094 | D:7      | Killed Psyche
  8094 | D:7      | Reached skill level 10 in Fire Magic
  8221 | D:7      | Noticed Blork the orc
  8226 | D:7      | Killed Blork the orc
  8226 | D:7      | Reached skill level 1 in Earth Magic
  8267 | D:7      | Found a glowing golden altar of the Shining One.
  8267 | D:7      | Noticed an angel
  8381 | D:8      | Reached XP level 10. HP: 47/50 MP: 29/29
  8439 | D:8      | Found a burning altar of Makhleb.
  8440 | D:8      | Found a glowing silver altar of Zin.
  8440 | D:8      | Noticed an angel
  8441 | D:8      | Noticed an Executioner
  8571 | D:8      | Found a shadowy altar of Dithmenos.
  8726 | D:8      | Reached skill level 5 in Earth Magic
  8773 | D:8      | Acquired Vehumet's third power
  9037 | D:8      | Offered knowledge of Force Lance by Vehumet.
  9142 | D:8      | Paralysed by a potion of paralysis for 4 turns
  9465 | D:8      | Found a blossoming altar of Fedhas.
  9635 | D:9      | Found a glowing golden altar of the Shining One.
  9810 | D:10     | Entered Level 10 of the Dungeon
  9814 | D:10     | Paralysed by a giant eyeball for 2 turns
  9836 | D:10     | Noticed Fannar
  9836 | D:10     | Noticed Urug
 10124 | D:9      | Found a staircase to the Lair.
 10130 | Lair:1   | Entered Level 1 of the Lair of Beasts
 10317 | D:9      | Reached skill level 11 in Fire Magic
 10404 | D:8      | Killed an unseen horror
 10701 | Lair:1   | Noticed Prince Ribbit
 10733 | Lair:1   | Killed Prince Ribbit
 10794 | Lair:1   | Reached XP level 11. HP: 54/54 MP: 31/31
 11310 | Lair:1   | Offered knowledge of Sticky Flame by Vehumet.
 11351 | Lair:1   | Learned a level 4 spell: Sticky Flame
 11685 | D:9      | Identified a scroll of acquirement
 12285 | Lair:1   | Learned a level 2 spell: Sublimation of Blood
 12298 | Lair:1   | Learned a level 2 spell: Corpse Rot
 12364 | Lair:2   | Noticed Gastronok
 12377 | Lair:2   | Killed Gastronok
 12500 | Lair:2   | Learned a level 5 spell: Fireball
 12757 | Lair:2   | Reached skill level 5 in Necromancy
 14206 | Lair:3   | Found a staircase to the Shoals.
 14230 | Lair:3   | Got a vibrating silver ring
 14543 | Lair:3   | Reached XP level 12. HP: 59/59 MP: 32/32
 14560 | Lair:3   | Reached skill level 10 in Necromancy
 15475 | Lair:1   | Learned a level 6 spell: Iron Shot
 15564 | Lair:4   | Reached skill level 10 in Spellcasting
 15574 | Lair:4   | Reached skill level 12 in Fire Magic
 15944 | Lair:4   | Noticed an eight-headed hydra
 15947 | Lair:4   | Killed an eight-headed hydra
 16362 | Lair:5   | Found a staircase to the Snake Pit.
 16661 | Lair:5   | Reached skill level 5 in Dodging
 16677 | Lair:5   | Noticed a four-headed hydra
 16687 | Lair:5   | Killed a four-headed hydra
 16687 | Lair:5   | Reached skill level 1 in Fighting
 17313 | Lair:6   | Noticed a five-headed hydra
 17318 | Lair:6   | Killed a five-headed hydra
 17391 | Lair:5   | Reached skill level 5 in Fighting
 18448 | Lair:6   | Offered knowledge of Spellforged Servitor by Vehumet.
 18595 | Lair:7   | Reached XP level 13. HP: 74/74 MP: 15/34
 18778 | Lair:1   | Learned a level 7 spell: Spellforged Servitor
 19400 | Lair:7   | Found a staircase to the Slime Pits.
 19928 | Lair:8   | Entered Level 8 of the Lair of Beasts
 20138 | Lair:8   | Reached skill level 13 in Conjurations
 20384 | Lair:8   | Reached skill level 14 in Conjurations
 20607 | Lair:8   | Found a burning altar of Makhleb.
 20893 | Lair:8   | Reached skill level 15 in Conjurations
 21532 | Lair:8   | Reached XP level 14. HP: 80/80 MP: 23/35
 21681 | Lair:8   | Noticed a dire elephant
 21729 | Lair:7   | Reached skill level 16 in Conjurations
 21918 | Lair:8   | Killed a dire elephant
 22189 | Lair:8   | Identified the ring "Pluapuaw" {EV+3 Dex+5 Int+3} (You found it on level 3 of the Lair of Beasts)
 22296 | Lair:8   | Noticed a dire elephant
 22306 | Lair:8   | Killed a dire elephant
 22355 | Lair:8   | Found a burning altar of Makhleb.
 22367 | Lair:8   | Offered knowledge of Ignite Poison by Vehumet.
 22616 | Lair:8   | Found a gateway to Hell.
 23230 | Lair:8   | Reached skill level 17 in Conjurations
 23706 | D:10     | Upgraded the game from 0.15-a0-258-g027b8cd to 0.15-a0-271-g6095dc6
 23938 | D:10     | Found a staircase to the Orcish Mines.
 23952 | D:10     | Killed Urug
 23966 | D:10     | Killed Fannar
 24448 | Orc:1    | Entered Level 1 of the Orcish Mines
 24815 | Orc:2    | Noticed Erica
 24817 | Orc:2    | Killed Erica
 24870 | Orc:2    | Found Smab's Armour Boutique.
 24914 | Orc:2    | Found Axeahad's Antique Weapon Boutique.
 24983 | Orc:2    | Reached skill level 5 in Summonings
 25373 | Orc:3    | Noticed Snorg
 25428 | Orc:3    | Killed Snorg
 25633 | Orc:4    | Entered Level 4 of the Orcish Mines
 25849 | Orc:3    | Offered knowledge of Bolt of Fire by Vehumet.
 26373 | Orc:4    | Found a staircase to the Elven Halls.
 26511 | Orc:4    | Noticed Saint Roka
 26758 | Orc:4    | Killed Saint Roka
 26819 | Orc:4    | Found a roughly hewn altar of Beogh.
 26836 | Orc:4    | Found Grefohost's Book Emporium.
 27113 | Orc:4    | Found Thudwoab's General Store.
 27150 | Orc:4    | Found Qabisat's Antique Weapon Emporium.
 27203 | Orc:4    | Found Jiupn's Antique Armour Emporium.
 27218 | Orc:4    | Learned a level 6 spell: Bolt of Fire
 27234 | Orc:4    | Bought a scroll of enchant weapon II for 77 gold pieces
 27514 | Orc:4    | Noticed Sonja
 27520 | Orc:4    | Killed Sonja
 27822 | Elf:1    | Entered Level 1 of the Elven Halls
 27880 | Elf:1    | Noticed a deep elf sorcerer
 27884 | Elf:1    | Killed a deep elf sorcerer
 27884 | Elf:1    | Reached XP level 15. HP: 86/86 MP: 25/36
 27941 | Elf:1    | Found a magical portal.
 27965 | WizLab   | Entered The Roulette of Golubria
 27969 | WizLab   | Found a corrupted altar of Lugonu.
 27969 | WizLab   | Noticed an eldritch tentacle
 27969 | WizLab   | Noticed a tentacled starspawn
 27976 | WizLab   | Killed a tentacled starspawn
 28214 | WizLab   | Offered knowledge of Delayed Fireball by Vehumet.
 28334 | WizLab   | Noticed a tentacled monstrosity
 28621 | WizLab   | Got a steaming cloak
 28856 | Orc:4    | Bought a bread ration for 61 gold pieces
 28864 | Orc:4    | Identified the cursed -4 cloak "Weifuebi" {Dam-2 Stlth+} (You found it in a wizard's laboratory)
 29842 | Elf:1    | Reached skill level 10 in Dodging
 30439 | Elf:2    | Reached skill level 1 in Shields
 30441 | Elf:2    | Noticed Nikola
 30574 | Elf:2    | Found Frigh's Armour Shoppe.
 32020 | Elf:3    | Entered Level 3 of the Elven Halls
 32020 | Elf:3    | Found Mnioff's Antique Weapon Boutique.
 32020 | Elf:3    | Noticed Mara
 32022 | Elf:3    | Noticed Amnesiac's illusion
 32108 | Elf:3    | Found Planluum's Jewellery Emporium.
 32137 | Elf:3    | Bought a runed blowgun for 57 gold pieces
 32140 | Elf:3    | Identified a +0 rod of ignition (9/9) (You found it on level 2 of the Elven Halls)
 32438 | Elf:2    | Killed Mara
 32438 | Elf:2    | Reached skill level 5 in Shields
 32633 | Elf:3    | Found Ujur's Gadget Shoppe.
 32794 | Elf:3    | Noticed sohrabkorkchi's ghost (mighty LOFi)
 32839 | Elf:3    | Noticed a deep elf master archer
 32840 | Elf:3    | Noticed a deep elf master archer
 32841 | Elf:3    | Noticed a deep elf blademaster
 32870 | Elf:3    | Offered knowledge of Poison Arrow by Vehumet.
 33122 | Elf:3    | Found Ytaus' Weapon Shoppe.
 33304 | Elf:3    | Noticed a deep elf blademaster
 33375 | Elf:3    | Noticed a deep elf master archer
 33563 | Elf:3    | Killed a deep elf blademaster
 33563 | Elf:3    | Reached XP level 16. HP: 90/96 MP: 18/38
 33745 | Elf:3    | Killed a deep elf blademaster
 33839 | Elf:3    | Got an ichor-stained long sword
 33840 | Elf:3    | Identified the +10,+4 long sword of Clil Thomiti {slice, MR+} (You took it off a deep elf sorcerer on level 3 of the Elven Halls)
 33893 | Elf:3    | Killed a deep elf master archer
 34021 | Elf:3    | Killed sohrabkorkchi's ghost
 34168 | Elf:3    | Noticed a deep elf master archer
 34258 | Elf:3    | Killed a deep elf master archer
 34258 | Elf:3    | Reached skill level 15 in Spellcasting
 34496 | Elf:3    | Killed a deep elf master archer
 34658 | Elf:3    | Killed a deep elf master archer
 35026 | Elf:3    | Identified Ozocubu's Disquisition on the Frostbite
 35051 | Elf:3    | Identified Voofen's Volume of Destructive Poisoning (You found it on level 3 of the Elven Halls)
 35073 | Elf:3    | Identified the Guide on Dislocation and Calling
 35078 | Elf:3    | Learned a level 1 spell: Apportation
 35079 | Elf:3    | Identified Cigotuvi's Catalogue of Transmigration
 35085 | Elf:3    | Identified Ycunon's Reference Book on Shape Shifting
 35117 | Elf:3    | Got a warped buckler
 35126 | Elf:3    | Identified the +0 buckler "Koticyha" {Dex+3 Int-4} (You took it off a deep elf sorcerer on level 3 of the Elven Halls)
 35129 | Elf:3    | Identified a +0 cloak of preservation (You found it on level 3 of the Elven Halls)
 35138 | Elf:3    | Got a smoking jade ring
 35451 | Lair:1   | Identified the ring of Light {Hunger- rF- Str+3 Dex+2} (You took it off a deep elf annihilator on level 3 of the Elven Halls)
 35627 | Elf:3    | Reached skill level 1 in Evocations
 36043 | Snake:1  | Entered Level 1 of the Snake Pit
 36350 | Snake:1  | Reached skill level 1 in Staves
 36432 | Snake:1  | Noticed Frances
 36435 | Snake:1  | Killed Frances
 36522 | Snake:1  | Noticed Roxanne
 36528 | Snake:1  | Killed Roxanne
 36885 | Snake:1  | Offered knowledge of Poisonous Cloud by Vehumet.
 36895 | Snake:1  | Noticed Louise
 36897 | Snake:1  | Killed Louise
 36902 | Snake:1  | Found a glowing golden altar of the Shining One.
 37185 | Snake:2  | Reached skill level 5 in Evocations
 37245 | Snake:2  | Reached XP level 17. HP: 100/100 MP: 37/41
 38180 | Snake:3  | HP: 4/100 [shock serpent (12)]
 38180 | Snake:3  | Mangled by a shock serpent

Action                   |  1- 3 |  4- 6 |  7- 9 | 10-12 | 13-15 | 16-18 || total
-------------------------+-------+-------+-------+-------+-------+-------++-------
Melee: Whip              |     2 |       |       |       |       |       ||     2
       Staff             |       |     2 |     2 |     5 |    23 |     6 ||    38
       Dagger            |       |       |     1 |       |   285 |    44 ||   330
       Short sword       |       |       |       |     5 |       |       ||     5
 Cast: Magic Dart        |    34 |   135 |   326 |       |       |       ||   495
       Repel Missiles    |     1 |       |     3 |     2 |     1 |     2 ||     9
       Conjure Flame     |     2 |     9 |    32 |    18 |       |       ||    61
       Mephitic Cloud    |       |     1 |     7 |     5 |       |       ||    13
       Blink             |       |       |     3 |     4 |    13 |     8 ||    28
       Throw Flame       |       |       |   100 |   132 |       |       ||   232
       Stone Arrow       |       |       |     3 |   264 |     5 |       ||   272
       Fireball          |       |       |       |    59 |   125 |    34 ||   218
       Sticky Flame      |       |       |       |     5 |       |       ||     5
       Iron Shot         |       |       |       |    17 |   216 |    15 ||   248
       Sublimation of Bl |       |       |       |       |    26 |    18 ||    44
       Spellforged Servi |       |       |       |       |    14 |     4 ||    18
       Bolt of Fire      |       |       |       |       |   123 |   110 ||   233
       Corpse Rot        |       |       |       |       |       |     1 ||     1
Evoke: Wand              |       |       |     2 |     4 |     7 |    21 ||    34
  Use: Scroll            |       |       |    14 |    19 |    19 |     7 ||    59
       Potion            |       |       |       |    12 |     8 |     4 ||    24
 Stab: Sleeping          |       |       |     1 |       |     5 |     3 ||     9
       Invisible         |       |       |       |       |     1 |       ||     1
